 Dungeon Crawl Stone Soup version 0.27.1-2-g3b301248ec (console) character file.

Game seed: 111369878915247110

70 om the Magician (level 4, 0/32 HPs)
             Began as a Djinni Ice Elementalist on Sept 24, 2021.
             Slain by an ice beast (9 damage)
             ... on level 2 of the Dungeon.
             The game lasted 00:07:04 (3088 turns).

om the Magician (Djinni Ice Elementalist)           Turns: 3088, Time: 00:07:04

Health: 0/32       AC:  2    Str:  8    XL:     4   Next: 45%
Gold:   44         EV: 12    Int: 17    God:
                   SH:  0    Dex: 13

rFire    + + .     SeeInvis .   i - staff of conjuration
rCold    x . .     Faith    .   (no shield)
rNeg     . . .     Spirit   .   a - +0 robe
rPois    ∞         Reflect  .   (no helmet)
rElec    .         Harm     .   (no cloak)
rCorr    .         Rampage  .   (no gloves)
Will     .....                  (boots unavailable)
Stlth    ++........             (no amulet)
HPRegen  0.10/turn              (no ring)
MPRegen  0.00/turn              (no ring)

@: flying
A: sickness immunity, fire resistance 2, cold vulnerability 1, float, innate
caster, hp casting, extra vitality 1
a: no special abilities


You were on level 2 of the Dungeon.
You visited 1 branch of the dungeon, and saw 3 of its levels.

You collected 68 gold pieces.
You spent 24 gold pieces at shops.

Inventory:

Hand Weapons
 c - a +0 spear
 e - a +0 whip
 f - a +0 dagger
Armour
 a - a +0 robe (worn)
Magical Staves
 i - a staff of conjuration (weapon)
Jewellery
 g - a ring of fire
 j - an amulet of regeneration
Wands
 h - a wand of flame (21)
Scrolls
 b - a scroll of noise {unknown}
Potions
 d - a potion of might
 k - a potion of magic {unknown}


   Skills:
 + Level 1.2 Fighting
 + Level 1.1 Staves
 - Level 2.1 Dodging
 - Level 2.0 Stealth
 - Level 4.0 Spellcasting


You couldn't memorise any spells.
You knew the following spells:

 Your Spells              Type           Power      Damage    Failure   Level
a - Freeze                Ice            68%        1d8       3%          1
b - Frozen Ramparts       Ice            34%        1d5       9%          3
c - Ozocubu's Armour      Ice            17%        N/A       9%          3
d - Hailstorm             Conj/Ice       25%        3d7       30%         4
e - Magic Dart            Conj           100%       1d8       3%          1
Your spell library was empty.

Dungeon Overview and Level Annotations

Branches:
Dungeon (3/15)

Altars:

Shops:
D:2 ?


Innate Abilities, Weirdness & Mutations

You are immune to sickness and miasma.
You are immune to poison.
Your flesh is very heat resistant. (rF++)
You are vulnerable to cold. (rC-)
You float through the air rather than walking.
You learn spells naturally, not from books.
Your magical power is your life essence.
You have superior vitality. (+4 HP)


Message History

The hobgoblin hits you.
You hit the hobgoblin but do no damage.
The hobgoblin is almost dead.
The hobgoblin closely misses you.
Aiming: Magic Dart (safe; 3% risk of failure)
Press: ? - help, Q - select action, (/) - cycle Shift-Dir - straight line, f/p - hobgoblin
Aim: a hobgoblin (almost dead, 100% to hit)
You feel a surge of power!
The magic dart hits the hobgoblin.
You kill the hobgoblin!
Your magical contamination has completely faded away.
You start resting.
You hear the slow rusting of a drain nearby.
You see here a +0 mace.
Found a club.
You see here a +0 club.
You see here a +0 club.
An ice beast comes into view.
You see here a +0 mace.
You hear the slow rusting of a drain nearby.
There is a stone staircase leading up here.
The ice beast barely misses you.
You fly upwards.
There is a stone staircase leading down here.
Aiming: Throw Flame
Press: ? - help, Shift-Dir - straight line, f - ice beast
Aim: an ice beast (68% to hit)
The puff of flame misses the ice beast.
The ice beast hits you. The ice beast freezes you!
You feel a terrible chill!
Aiming: Throw Flame
Press: ? - help, Shift-Dir - straight line, f/p - ice beast
Aim: an ice beast (68% to hit)
The puff of flame hits the ice beast but does no damage.
The ice beast barely misses you.
Aiming: Throw Flame
Press: ? - help, Shift-Dir - straight line, f/p - ice beast
Aim: an ice beast (68% to hit)
The puff of flame hits the ice beast but does no damage.
The ice beast hits you.
* * * LOW HITPOINT WARNING * * *
The ice beast freezes you!
You feel a terrible chill!
You die...

#####.####.......#
#.# ####.#### #.#
#..# #.# ##.#
###.### #.#
#.....# #.#
#.....# ###.####
#.....# #..(...#
#.....# #.#.##.#
#.....# #.#.Y..#
######### #.#.<@.#
...# #.#....# ##.#
#.##.#.# ##.#
#####....[.# .#.#
#........###
.#.#####.#####..#
................#
...#####.#####.##
#### #.#####.#
#.......#
#########


You could see an ice beast.

Vanquished Creatures
  A hound skeleton (D:3)
  An adder (D:2)
  A dart slug (D:1)
  3 orcs (D:2)
  5 ball pythons
  2 endoplasms
  2 giant cockroaches (D:1)
  5 hobgoblins
  3 bats
  A frilled lizard (D:1)
  4 goblins
  7 kobolds
  5 rats
40 creatures vanquished.

Notes
Turn   | Place    | Note
-------+----------+-------------------------------------------
     0 | D:1      | om the Djinni Ice Elementalist began the quest for the Orb.
     0 | D:1      | Reached XP level 1. HP: 15/15 MP: 0/0
   862 | D:1      | Reached XP level 2. HP: 14/21 MP: 0/0
  1569 | D:1      | Reached XP level 3. HP: 20/25 MP: 0/0
  1569 | D:1      | Learned a level 1 spell: Magic Dart
  1905 | D:2      | Found Ugofacur's Magic Scroll Shoppe.
  1908 | D:2      | Bought a scroll of identify for 24 gold pieces
  2436 | D:2      | Found a faded altar of an unknown god.
  2439 | D:2      | Reached skill level 4 in Spellcasting
  2709 | D:2      | Reached XP level 4. HP: 25/31 MP: 0/0
  2943 | D:3      | Reached skill level 1 in Fighting
  2943 | D:3      | Reached skill level 1 in Staves
  3068 | D:3      | Noticed an ice beast
  3088 | D:2      | Slain by an ice beast

Illustrated notes

Levels and vault maps discovered:
D:1:      scummos_arrival_gate, layout_basic
D:2:      layout_loops_cross, serial_shops, shop,
          hellmonk_ecumenical_altar_heavens_door
D:3:      layout_rooms, nzn_wu_jian_contemplation, portal_sewer_entry_a,
          dk_noncrumbling_2, minmay_misc_feat_columns

Skill      XL: |  1  2  3  4 |
---------------+-------------+-----
Stealth        | 2 |  2.0
Spellcasting   | 4 |  4.0
Fighting       | 1 |  1.2
Staves         | 1 |  1.1
Dodging        | |  2.1

Action                   |  1- 3 |  4- 6 || total
-------------------------+-------+-------++-------
Melee: Unarmed           |     1 |       ||     1
       Club              |    12 |       ||    12
       Spear             |    12 |       ||    12
       Staff             |     2 |     7 ||     9
 Cast: Freeze            |    26 |       ||    26
       Magic Dart        |    28 |    16 ||    44
       Frozen Ramparts   |     2 |       ||     2
Evoke: Wand              |       |     3 ||     3
  Use: Scroll            |     1 |       ||     1
 Stab: Sleeping          |     4 |       ||     4
       Distracted        |     1 |       ||     1
Armor: Robe              |     9 |     1 ||    10
Dodge: Dodged            |    33 |    11 ||    44
